Orko, chaotic female orcish Rogue -- --- .| -----.-- ---..----- |.<|...| ---.........-- |..)...-- |............-- --.--...--------..Z..........| |............(..o..| | - --- ---.-.-------------- --.----|...| |.....----.--- |.......--...| ---.........--.--- |............|...| ---.|..........|--.| |...|-.........||..-- |.-----...^...---...| |.-- ---..........-- |..-- |..--......| |...| ------.....| --.-- ----.-- --- --- Orko the Cutpurse Experience level: 4 Strength: 13 Dexterity: 18 Constitution: 14 Intelligence: 8 Wisdom: 8 Charisma: 12 Health: 0(29) Energy: 6(6) Def: 8 Gold: 73 Moves: 587 Dungeon seed: PEEfDO2bmPscvjsp Game ID: Orko_1571205268 Your Inventory: Armor h - a cursed +0 orcish helm (being worn) n - an uncursed +0 dwarvish cloak (being worn) u - an uncursed +1 leather armor (being worn) z - an uncursed +2 pair of iron shoes (being worn) Weapons a - an uncursed +0 orcish dagger named . (alternate weapon; not wielded) b - 6 uncursed +0 orcish daggers (in quiver) c - an uncursed +0 orcish short sword (weapon in hand) Wands e - an uncursed wand of teleportation (0:5) Comestibles M - 2 uncursed food rations N - 2 uncursed slices of pizza U - an uncursed tripe ration Z - an uncursed lichen corpse Tools j - an uncursed lock pick o - an uncursed sack p - an uncursed blindfold r - an uncursed wax candle (0:400) s - an uncursed tallow candle (0:200) t - an uncursed blindfold v - an uncursed +0 pick-axe Gems q - an uncursed worthless piece of black glass y - 2 uncursed worthless pieces of yellowish brown glass Coins $ - 73 gold pieces Spells and supernatural/magical abilities: Name Level Category Fail Memory s - slow monster 2 enchantment 100% 99% W - pray for help -- divine ? -- Your skills at the end: Fighting Skills Weapon Skills dagger [Basic] short sword [Basic] Spellcasting Skills Final Attributes: You were piously aligned. You were poison resistant. You were hallucinating. You had infravision. You were stealthy. You are dead. Vanquished creatures: a gnome lord 2 dwarves an acid blob 5 gnomes 5 jackals a kobold a lichen a newt and a partridge in a pear tree 17 creatures vanquished. Voluntary challenges: You were an atheist. You used a wielded weapon 20 times, starting on turn 59. You read items or engraved 2 times, starting on turn 202. You never genocided any monsters. You never polymorphed an object. You never changed form. You used no wishes. You never split a pudding. You never wrote Elbereth's name. You never violated your personal moral code. You abstained from Elbereth's help. You werepermanently hallucinating. Dungeon overview: The Dungeons of Doom: levels 1 to 2 Level 1 a fountain a long staircase Level 2 stairs to The Gnomish Mines The Gnomish Mines: Level 3 <- You were here stairs to The Dungeons of Doom History has recorded: On T:1 you entered the Dungeons of Doom to retrieve the Amulet of Yendor! On T:356 you reached level 2 of The Dungeons of Doom. On T:447 you reached level 1 of The Gnomish Mines. On T:450 you advanced to experience level 2. On T:463 you advanced to experience level 3. On T:574 you advanced to experience level 4. Score breakdown: Gold: 73 ( 6358 points) Experience: 4 levels ( 9649 points) Exploration: 3 levels ( 6.25%) ( 6188 points) Discoveries: 2 items ( 0.70%) ( 2504 points) Valuables value: (no points given unless you survive) Artifact value: 0 ( 0 points) Variety of kills: 8 monsters ( 2.10%) ( 4347 points) Turncount: 587 turns ( 0 points) Survival: died (score multiplied by 80%) Total score: 23236 Latest messages: b - 7 uncursed +0 orcish daggers (in quiver). You throw 1 orcish dagger. The orcish dagger hits it. a - an uncursed +0 orcish dagger named . (weapon in hand). You hit it. The smurf hits! You hit it. You kill the shocking sphere! There are a few objects here. q - a black gem. y - 2 yellowish brown gems. There are a few objects here. You are now wielding your orcish short sword. a - an uncursed +0 orcish dagger named . (alternate weapon; not wielded). You hit it. (2x) The red mold zaps a jeweled wand! The bolt of cold hits you! The bolt of cold bounces! The bolt of cold hits you! You die... The sack is empty. The sack is empty. Final status: Goodbye Orko the Rogue, killed by a bolt of cold... You died in The Gnomish Mines on dungeon level 3 with 23236 points, and 73 pieces of gold, after 587 moves. You were level 4 with a maximum of 29 hit points when you died.